 Dungeon Crawl Stone Soup version 0.28.0-1-gb440e238dd (webtiles) character file.

Game seed: 4865670096302243598

73 Sanktem7 the Skirmisher (level 4, -5/41 HPs)
             Began as a Minotaur Fighter on Feb 22, 2022.
             Slain by a gnoll (7 damage)
             ... on level 2 of the Dungeon.
             The game lasted 00:01:40 (803 turns).

Sanktem7 the Skirmisher (Minotaur Fighter)           Turns: 803, Time: 00:01:41

Health: -5/41      AC:  7    Str: 23    XL:     4   Next: 8%
Magic:  3/3        EV:  9    Int:  5    God:
Gold:   97         SH:  4    Dex:  9    Spells: 3/3 levels left

rFire   . . .      SeeInvis .   a - +0 war axe
rCold   . . .      Faith    .   c - +0 buckler
rNeg    . . .      Spirit   .   b - +0 scale mail
rPois   .          Reflect  .   (helmet restricted)
rElec   .          Harm     .   (no cloak)
rCorr   .          Rampage  .   (no gloves)
Will    .....                   (no boots)
Stlth   ..........              (no amulet)
HPRegen 0.13/turn               (no ring)
MPRegen 0.08/turn               (no ring)

@: no status effects
A: horns 2, retaliatory headbutt
a: no special abilities


You were on level 2 of the Dungeon.
You visited 1 branch of the dungeon, and saw 2 of its levels.

You collected 97 gold pieces.

Inventory:

Hand Weapons
 a - a +0 war axe (weapon)
Armour
 b - a +0 scale mail (worn)
 c - a +0 buckler (worn)
Scrolls
 h - 2 scrolls of amnesia {unknown}
 i - a scroll of enchant armour {unknown}
 j - 2 scrolls of identify {unknown}
Potions
 d - a potion of might
 e - a potion of mutation {unknown}
 f - a potion of invisibility {unknown}
 g - a potion of ambrosia {unknown}


   Skills:
 * Level 4.7 Fighting
 * Level 3.9 Axes
 * Level 4.1 Armour
 + Level 0.1 Dodging
 - Level 3.6 Shields


You had 3 spell levels left.
You didn't know any spells.
Your spell library was empty.

Dungeon Overview and Level Annotations

Branches:
Dungeon (2/15)

Altars:

Annotations:
D:2 1 runed translucent door, Crazy Yiuf


Innate Abilities, Weirdness & Mutations

You have a pair of horns on your head.
You reflexively headbutt those who attack you in melee.


Message History

The gnoll is heavily wounded.
You hit the giant cockroach.
You kill the giant cockroach!
You hit the gnoll.
You kill the gnoll!
The gnoll barely misses you.
You have reached level 4!
You feel stronger.
The gnoll hits you from afar with a +0 spear.
The gnoll hits you with a +0 vorpal halberd!
The giant cockroach bites you.
* * * LOW HITPOINT WARNING * * *
You block the gnoll's attack.
You see here a giant cockroach corpse.
You closely miss the giant cockroach. You barely miss the gnoll.
You completely miss the gnoll.
The gnoll hits you from afar with a +0 spear.
* * * LOW HITPOINT WARNING * * *
You block the giant cockroach's attack. The gnoll misses you.
The gnoll barely misses you.
The gnoll hits you from afar with a +0 spear.
* * * LOW HITPOINT WARNING * * *
You slash the gnoll!
The gnoll is heavily wounded.
You closely miss the giant cockroach. You hit the gnoll.
The giant cockroach closely misses you. You furiously retaliate!
You headbutt the giant cockroach. The gnoll barely misses you.
The gnoll hits you with a +0 club.
* * * LOW HITPOINT WARNING * * *
The gnoll hits you but does no damage.
The giant cockroach bites you but does no damage.
You hit the gnoll but do no damage.
The gnoll is heavily wounded.
You hit the gnoll. You closely miss the giant cockroach.
The gnoll hits you with a +0 vorpal halberd.
* * * LOW HITPOINT WARNING * * *
x2 You block the gnoll's attack.
The giant cockroach bites you but does no damage.
The gnoll hits you from afar with a +0 spear!
You die...

...##.........##
#.<...........## #
###............. ..
###..).......# #. ##
#........... .. .#
#........... .#.#.#.
#...........
.......####........##
.#.#.#gB@.........>.
........g#g.........#
.#.#.#.#.#..........#
.......#..........#
#.#.#.#.#...........#
... .................
# #.#.#.#.........##
........#......## #.#
#.


You could see 3 gnolls and a giant cockroach.

Vanquished Creatures
  2 gnolls
  An adder (D:2)
  A dart slug (D:1)
  3 endoplasms
  4 giant cockroaches
  5 goblins
  3 hobgoblins (D:1)
  4 jackals (D:1)
  A quokka (D:1)
  3 ball pythons (D:1)
  A bat (D:1)
  3 frilled lizards
  3 kobolds (D:1)
  5 rats
39 creatures vanquished.

Notes
Turn   | Place    | Note
-------+----------+-------------------------------------------
     0 | D:1      | Sanktem7 the Minotaur Fighter began the quest for the Orb.
     0 | D:1      | Reached XP level 1. HP: 19/19 MP: 0/0
    64 | D:1      | Reached XP level 2. HP: 23/27 MP: 1/1
   407 | D:1      | Reached XP level 3. HP: 33/33 MP: 2/2
   454 | D:1      | Found a faded altar of an unknown god.
   701 | D:2      | Found a runed translucent door.
   702 | D:2      | Noticed Crazy Yiuf
   800 | D:2      | Reached XP level 4. HP: 28/41 MP: 3/3
   803 | D:2      | HP: 2/41 [gnoll (1)]
   803 | D:2      | Slain by a gnoll

Illustrated notes

Levels and vault maps discovered:
D:1:      psy_arrival_whirlpool, layout_rooms, chequers_ecumenical_altar_simple,
          minmay_quantized
D:2:      layout_rooms, nrook_mini_backslash, hex_large, minmay_distorted,
          uniq_crazy_yiuf_cottage

Skill      XL: |  1  2 |
---------------+-------+-----
Fighting       | 4 |  4.7
Axes           | 3 |  3.9
Armour         | 4 |  4.1
Dodging        | |  0.1
Shields        | |  3.6

Action                   |  1- 3 |  4- 6 || total
-------------------------+-------+-------++-------
Melee: War axe           |    77 |     3 ||    80
       Headbutt          |     6 |       ||     6
Armor: Scale mail        |    42 |     3 ||    45
Dodge: Dodged            |    41 |     4 ||    45
Block: Buckler           |    15 |     3 ||    18
